 Dungeon Crawl Stone Soup version 0.25-a0-292-gaa31f046c4 (webtiles) character file.

Game seed: 7137470451507159903, levelgen mode: classic

81 Borgoz the Sneak (level 4, 0/28 HPs)
             Began as a Kobold Assassin on Dec 16, 2019.
             Was an Initiate of Ashenzari.
             Succumbed to Dowan's poison
             ... while paralysed by Grinder
             ... on level 4 of the Dungeon.
             The game lasted 00:04:13 (1824 turns).

Borgoz the Sneak (Kobold Assassin)                  Turns: 1824, Time: 00:04:14

Health: 0/28       AC:  5    Str:  9    XL:     4   Next: 67%
Magic:  4/4        EV:  3    Int: 12    God:    Ashenzari [......]
Gold:   210        SH:  0    Dex: 16    Spells: 3/3 levels left

rFire    . . .     SeeInvis +   a - +2 dagger
rCold    + . .     Gourm    .   (shield restricted)
rNeg     . . .     Faith    .   p - +0 leather armour {rC+}
rPois    +         Spirit   .   (no helmet)
rElec    .         Reflect  .   c - +0 cloak
rCorr    .         Harm     .   b - +0 pair of gloves
MR       .....                  (no boots)
Stlth    +.........             (no amulet)
HPRegen  0.09/turn              d - ring of poison resistance
MPRegen  0.09/turn              g - ring of see invisible

@: paralysed, lethally poisoned (0 -> -6), very slightly contaminated, glowing,
invisible (but backlit and visible)
A: small, carnivore
a: Curse Item, Renounce Religion


You were on level 4 of the Dungeon.
You worshipped Ashenzari.
Ashenzari was noncommittal.
You were completely stuffed.

You visited 1 branch of the dungeon, and saw 4 of its levels.

You collected 210 gold pieces.

Inventory:

Hand Weapons
 a - a +2 dagger (weapon)
Armour
 b - a +0 pair of gloves (worn)
 c - a +0 cloak (worn)
 p - a +0 leather armour of cold resistance (worn)
Jewellery
 d - a ring of poison resistance (left hand)
 g - a ring of see invisible (right hand)
Scrolls
 h - 2 scrolls of magic mapping {unknown}
 j - 2 scrolls of blinking {unknown}
 k - a scroll of random uselessness {unknown}
 m - a scroll of noise {unknown}
 n - a scroll of amnesia
 o - 2 scrolls of immolation {unknown}
 q - a scroll of fog
Potions
 e - 4 potions of flight
 l - a potion of curing
 s - 2 potions of mutation
Comestibles
 f - 6 rations
 r - 6 chunks of flesh


   Skills:
 * Level 3.0 Fighting
 * Level 3.7 Short Blades
 - Level 2.1 Throwing
 + Level 0.7 Armour
 * Level 2.8 Dodging
 + Level 5.6 Stealth


You had 3 spell levels left.
You didn't know any spells.
Your spell library was empty.

Dungeon Overview and Level Annotations

Branches:
Dungeon (4/15)
 Temple: D:4-7

Altars:
Ashenzari
Fedhas
Kikubaaqudgha
Nemelex Xobeh
Okawaru
Ru

Annotations:
D:4 Dowan, Duvessa, Grinder, Pikel


Innate Abilities, Weirdness & Mutations

You are small and have problems with some larger weapons.
You are carnivorous and can eat meat at any time.


Message History

Pikel the Slaver comes into view.
He is wielding a +0 whip of flaming.
An ogre comes into view. It is wielding a +0 giant spiked club.
Dowan barely misses you. The worker ant bites you.
Duvessa hits you but does no damage. Duvessa hits you with a +0 short sword!
The worker ant bites you.
* * * LOW HITPOINT WARNING * * *
Dowan hits you but does no damage. Duvessa barely misses you.
The worker ant barely misses you. Dowan casts a spell at you.
You feel strangely conspicuous.
Pikel shouts!
The slave shouts!
The ogre shouts!
The slave shouts!
You hear a shout!
Duvessa hits you with a +0 short sword.
* * * LOW HITPOINT WARNING * * *
The worker ant bites you but does no damage.
Duvessa hits you with a +0 short sword.
* * * LOW HITPOINT WARNING * * *
Dowan hits you but does no damage.
You are lethally poisoned!
You die...

... ..... ..
.......... ..#
..........# ..#
##..........## #..#
#.......##...## ...#
........# #...##e..#
........####...@...#
........##....ea..O#
#.............#..(....
##....<....####..p.K..
#......#### ...5...
#.....## ..p...#
#......## ......#
....... ..#..##
....##.


You could see Pikel, Grinder, Duvessa, an ogre, 2 slaves, Dowan and a worker
ant.

Vanquished Creatures
  2 adders (D:3)
  2 oozes
  2 worms (D:3)
  4 leopard geckos
  2 ball pythons
  2 bats (D:1)
  3 giant cockroaches
  5 goblins
  7 hobgoblins
  3 kobolds
  A quokka (D:2)
  2 frilled lizards (D:3)
  8 rats
43 creatures vanquished.

Notes
Turn   | Place    | Note
-------+----------+-------------------------------------------
     0 | D:1      | Borgoz the Kobold Assassin began the quest for the Orb.
     0 | D:1      | Reached XP level 1. HP: 12/12 MP: 1/1
   156 | D:1      | Reached XP level 2. HP: 18/18 MP: 2/2
   397 | D:1      | Found a shattered altar of Ashenzari.
   412 | D:1      | Became a worshipper of Ashenzari the Shackled
   616 | D:2      | Reached XP level 3. HP: 15/22 MP: 3/3
  1042 | D:2      | Found an iron altar of Okawaru.
  1116 | D:2      | Found a faded altar of an unknown god.
  1415 | D:3      | Reached XP level 4. HP: 26/27 MP: 4/4
  1464 | D:3      | Found a sparkling altar of Nemelex Xobeh.
  1608 | D:3      | Found a blossoming altar of Fedhas.
  1611 | D:3      | Found an ancient bone altar of Kikubaaqudgha.
  1745 | D:3      | Found a sacrificial altar of Ru.
  1813 | D:4      | Noticed Dowan
  1816 | D:4      | Noticed Duvessa
  1816 | D:4      | Noticed Grinder
  1817 | D:4      | Noticed a slave
  1818 | D:4      | Noticed a slave
  1819 | D:4      | Paralysed by Grinder for 7 turns
  1819 | D:4      | Noticed Pikel
  1820 | D:4      | Noticed an ogre
  1823 | D:4      | HP: 1/28 [Duvessa/+0 short sword (5)]
  1824 | D:4      | Succumbed to Dowan's poison

Levels and vault maps discovered:
D:1:      dpeg_arrival_snail, layout_basic, evilmike_ruin_ashenzari
D:2:      layout_loops_cross, okawaru_gym_becter,
          chequers_ecumenical_altar_simple, minmay_goblin_kobold_house
D:3:      layout_rooms, grunt_temple_overflow_growth_and_decay,
          nicolae_ru_path_of_blood, first_ration,
          nemelex_xobeh_ov_fountains_minmay
D:4:      layout_layer_cave, minmay_temple_entry_butterflies, uniq_duvessa,
          uniq_robin, uniq_pikel, uniq_grinder

Skill      XL: |  1  2  3  4 |
---------------+-------------+-----
Short Blades   | 3 |  3.7
Dodging        | 2 |  2.8
Fighting       | 3 |  3.0
Throwing       | |  2.1
Armour         | |  0.7
Stealth        | |  5.6

Action                   |  1- 3 |  4- 6 || total
-------------------------+-------+-------++-------
Melee: Dagger            |    69 |    47 ||   116
  Use: Scroll            |       |     6 ||     6
       Potion            |       |     1 ||     1
 Stab: Sleeping          |    12 |     6 ||    18
       Invisible         |       |     1 ||     1
  Eat: Chunk             |     9 |     2 ||    11
Armor: Robe              |     6 |       ||     6
       Leather armour    |     6 |    16 ||    22
Dodge: Dodged            |    39 |    33 ||    72

Table legend:
 A = Non-vault XP
 B = Vault XP
 C = Vault XP percentage of total XP
 D = Non-vault monster count
 E = Vault monster count
 F = Vault count percentage of total count
                 A         B        C        D         E       F
            +---------+---------+-------+---------+---------+-------
      Total |     108 |       8 |   6.9 |      39 |       4 |   9.3
            +---------+---------+-------+---------+---------+-------
        D:1 |      23 |       0 |   0.0 |      12 |       0 |   0.0
        D:2 |      18 |       8 |  30.8 |       7 |       4 |  36.4
        D:3 |      67 |       0 |   0.0 |      20 |       0 |   0.0
            +---------+---------+-------+---------+---------+-------
